 Dungeon Crawl Stone Soup version 0.16.1 (webtiles) character file.

2257 Minkie the Covert (level 9, -3/57 HPs)
             Began as a Vampire Enchanter on Mar 24, 2015.
             Was a Follower of Kikubaaqudgha.
             Slain by an orc warrior
             ... wielding a +0 halberd
              (12 damage)
             ... on level 8 of the Dungeon.
             The game lasted 00:26:28 (6275 turns).

Minkie the Covert (Vampire Enchanter)               Turns: 6275, Time: 00:26:28

Health: -3/57      AC:  9    Str:  7    XL:     9   Next: 15%
Magic:  3/14       EV: 15    Int: 20    God:    Kikubaaqudgha [*.....]
Gold:   330        SH:  0    Dex: 14    Spells: 3 memorised, 6 levels left

rFire  . . .     SeeInvis +     i - +1 dagger (venom)
rCold  + + .     Clarity  .     b - +1 robe
rNeg   + + +     SustAb   .     (no shield)
rPois  ∞         Gourm    .     z - +2 helmet
rElec  .         Spirit   .     r - +1 cloak {MR+}
rCorr  +         Warding  .     (no gloves)
rMut   .         Stasis   .     o - +0 pair of boots
MR     +....                    D - amulet of resist corrosion
Stlth  +++++.....               (no ring)
                                y - +3 ring of slaying

@: bloodless, non-regenerating, somewhat resistant to hostile enchantments,
quite stealthy
A: bottle blood, fangs 3, see invisible, unbreathing
a: Bat Form, Receive Corpses, Renounce Religion


You were on level 8 of the Dungeon.
You worshipped Kikubaaqudgha.
Kikubaaqudgha was aware of your devotion.
You were bloodless.

You visited 2 branches of the dungeon, and saw 9 of its levels.

You collected 330 gold pieces.

Inventory:

Hand weapons
 i - a +1 dagger of venom (weapon)
 t - a +0 blowgun
Missiles
 f - 4 javelins (quivered)
 s - 8 poisoned needles
Armour
 b - a +1 robe (worn)
 o - a +0 pair of boots (worn)
 r - a +1 cloak of magic resistance (worn)
 z - a +2 helmet (worn)
Jewellery
 y - a +3 ring of slaying (left hand)
 D - an amulet of resist corrosion (around neck)
Scrolls
 a - a scroll of immolation {unknown}
 h - 3 scrolls of amnesia {unknown}
 j - 3 scrolls of fog {unknown}
 m - 4 scrolls of remove curse
 u - a scroll of random uselessness {unknown}
 v - 3 scrolls of blinking {unknown}
 A - a scroll of enchant weapon {unknown}
 B - 2 scrolls of teleportation {unknown}
 E - 2 scrolls of enchant armour {unknown}
Potions
 d - 15 potions of blood
 e - 4 potions of curing
 k - a potion of flight
 l - a potion of invisibility
 p - 2 potions of heal wounds
 q - a potion of might
 x - 3 potions of brilliance {unknown}
Books
 c - a book of Maledictions

   Spells                             Type                      Level
   a - Corona                         Hexes                        1
   b - Sure Blade                     Hexes/Charms                 2
   c - Ensorcelled Hibernation        Hexes/Ice                    2
   d - Confuse                        Hexes                        3
   e - Dazzling Spray                 Conjuration/Hexes            3
   f - Enslavement                    Hexes                        4
 G - Kikubaaqudgha's Papyrus of Sinister Rites
   (Kikubaaqudgha gifted it to you on level 7 of the Dungeon)

   Spells                             Type                      Level
   a - Pain                           Necromancy                   1
   b - Corpse Rot                     Necromancy                   2
   c - Sublimation of Blood           Necromancy                   2
   d - Regeneration                   Charms/Necromancy            3
   e - Control Undead                 Necromancy                   4


   Skills:
 * Level 7.7 Short Blades
 + Level 6.2 Dodging
 + Level 9.3 Stealth
 - Level 2.0 Spellcasting
 + Level 9.1 Hexes
 - Level 3.0 Ice Magic


You had 6 spell levels left.
You knew the following spells:

 Your Spells              Type           Power        Failure   Level  Hunger
a - Corona                Hex            #####..      1%          1    #......
b - Ensorcelled Hibernat  Hex/Ice        ####..       1%          2    ##.....
c - Confuse               Hex            #####...     1%          3    ###....


Dungeon Overview and Level Annotations

Branches:
Dungeon (8/15)             Temple (1/1) D:6
   Lair: D:8-11

Altars:
Ashenzari
Dithmenos
Elyvilon
Fedhas
Gozag
Kikubaaqudgha
Makhleb
Nemelex Xobeh
Qazlal
Ru
Sif Muna
Trog
Vehumet
Xom
Yredelemnul
Zin
The Shining One


Innate Abilities, Weirdness & Mutations

You do not heal naturally.
You can bottle blood from corpses.
You have razor-sharp teeth.
You have supernaturally acute eyesight.
You can survive without breathing.


Message History

Aiming: Ensorcelled Hibernation
Press: ? - help, Shift-Dir - straight line, f/p - orc warrior
Aim: an orc warrior, wielding a halberd and wearing a plate armour (moderately wounded, chance 55%)
The orc warrior resists with significant effort.
The orc wizard casts a spell.
You feel a wave of unholy energy pass over you.
A wight comes into view. It is wielding a hand axe.
The orc warrior closely misses you.
The orc wizard gestures at you while chanting.
The puff of frost misses you.
A wolf comes into view.
A two-headed ogre comes into view. It is wielding two giant clubs.
The orc wizard misses you. The orc wizard barely misses you.
The orc wizard casts a spell.
You feel a wave of unholy energy pass over you.
Found a beef jerky.
There is a stone staircase leading up here.
The orc warrior hits you from afar with a halberd!
You die...
Kikubaaqudgha rasps: "You have failed me!
Welcome... oblivion!"

#.. %...O....
............
............
.......... h....... .
...... #...
###+##.##.####+#
#...###...##.##@##...#
+....'.).....oo..#...#
#....#...........#...#
#....#...†.zz....#.<.#
#....#...........#.).#
#....#...........'...#
#....#..>..(.....#...#
#...<#..........##...#
###o(##..####+####+###


You could see a two-headed ogre, an orc warrior, 2 wights and an orc wizard.

Vanquished Creatures
  Grinder (D:3)
  The ghost of Fiveotanaka the Cudgeler, an average OgHu of Ru (D:4)
  Menkaure (D:6)
  A water moccasin (D:6)
  A sky beast (D:7)
  An ice beast (D:6)
  An ogre (D:6)
  2 phantoms
  3 centaurs
  A necrophage (D:7)
  4 scorpions
  4 wights (D:7)
  A hound (D:4)
  A centaur zombie (D:7)
  2 giant frog skeletons
  2 crimson imps
  Crazy Yiuf (D:2)
  2 orc priests (D:8)
  An orc wizard (D:7)
  2 worker ants
  Jessica (D:2)
  A hound skeleton (D:4)
  A worker ant zombie (D:5)
  5 adders
  2 shadow imps
  3 giant mites
  5 worms
  2 giant geckos
  An ooze (D:2)
  6 orcs (D:7)
  A ball python (D:1)
  A giant cockroach (D:5)
  17 hobgoblins
  13 jackals
  9 kobolds
  6 quokkas
  8 bats
  A giant gecko skeleton (D:6)
  3 giant newts
  A giant spore (D:7)
  12 goblins
  9 rats
141 creatures vanquished.

Notes
Turn   | Place    | Note
--------------------------------------------------------------
     0 | D:1      | Minkie, the Vampire Enchanter, began the quest for the Orb.
     0 | D:1      | Reached XP level 1. HP: 13/13 MP: 3/3
   243 | D:1      | Reached XP level 2. HP: 19/19 MP: 4/4
   247 | D:1      | Learned a level 2 spell: Ensorcelled Hibernation
   931 | D:2      | Reached XP level 3. HP: 24/24 MP: 0/6
   936 | D:2      | Learned a level 3 spell: Confuse
  1026 | D:2      | Reached skill level 5 in Hexes
  1035 | D:2      | Reached skill level 5 in Stealth
  1157 | D:2      | Found a basalt altar of Yredelemnul.
  1380 | D:2      | Noticed Jessica
  1388 | D:2      | Killed Jessica
  1388 | D:2      | Reached XP level 4. HP: 30/30 MP: 3/7
  1651 | D:2      | Reached skill level 1 in Ice Magic
  1778 | D:2      | Found a shimmering altar of Xom.
  1778 | D:2      | Found a stormy altar of Qazlal.
  1946 | D:2      | Noticed Crazy Yiuf
  1952 | D:2      | Killed Crazy Yiuf
  2135 | D:3      | Noticed Grinder
  2173 | D:3      | Killed Grinder
  2173 | D:3      | Reached skill level 6 in Stealth
  2173 | D:3      | Reached XP level 5. HP: 33/35 MP: 5/9
  2173 | D:3      | Reached XP level 6. HP: 38/41 MP: 5/10
  2192 | D:3      | Noticed a phantom
  2254 | D:3      | Killed a phantom
  3018 | D:4      | Reached XP level 7. HP: 46/46 MP: 12/12
  3158 | D:4      | Noticed Fiveotanaka's ghost (average OgHu)
  3164 | D:4      | Killed Fiveotanaka's ghost
  3164 | D:4      | Reached skill level 7 in Hexes
  3475 | D:5      | Entered Level 5 of the Dungeon
  4188 | D:6      | Reached skill level 5 in Short Blades
  4207 | D:6      | Reached skill level 5 in Dodging
  4340 | D:6      | Reached XP level 8. HP: 52/52 MP: 13/13
  4538 | D:6      | Found a staircase to the Ecumenical Temple.
  4549 | D:6      | Reached skill level 8 in Stealth
  4557 | Temple   | Entered the Ecumenical Temple
  4711 | Temple   | Became a worshipper of Kikubaaqudgha
  4921 | D:6      | Noticed Menkaure
  4943 | D:6      | Killed Menkaure
  5623 | D:7      | Reached skill level 9 in Stealth
  5845 | D:7      | Acquired Kikubaaqudgha's first power
  5845 | D:7      | Received a gift from Kikubaaqudgha
  5846 | D:7      | Identified Kikubaaqudgha's Papyrus of Sinister Rites (Kikubaaqudgha gifted it to you on level 7 of the Dungeon)
  5862 | D:7      | Found a bloodstained altar of Trog.
  5933 | D:7      | Reached XP level 9. HP: 57/57 MP: 7/14
  6275 | D:8      | Slain by an orc warrior

Action                   |  1- 3 |  4- 6 |  7- 9 || total
-------------------------+-------+-------+-------++-------
Melee: Dagger            |    83 |   129 |   153 ||   365
Throw: Stone             |    18 |       |     2 ||    20
 Cast: Ensorcelled Hiber |     5 |    12 |    34 ||    51
       Confuse           |     1 |     5 |    25 ||    31
  Use: Scroll            |       |       |    10 ||    10
 Stab: Sleeping          |     8 |    15 |    31 ||    54
       Confused          |     1 |     4 |    14 ||    19
